 Dungeon Crawl Stone Soup version 0.20-a0-629-gc37eb77 (webtiles) character file.

10576 krabocopter the Carver (level 11, -8/58 HPs)
             Began as a Vine Stalker Fighter on Feb 10, 2017.
             Was an Elder of Okawaru.
             Mangled by Zorot's ghost (14 damage)
             ... on level 11 of the Dungeon.
             The game lasted 00:36:55 (8880 turns).

krabocopter the Carver (Vine Stalker Fighter)       Turns: 8880, Time: 00:36:56

Health: -8/58      AC: 19    Str: 26    XL:     11   Next: 64%
Magic:  0/12       EV: 15    Int: 11    God:    Okawaru [****..]
Gold:   635        SH: 13    Dex: 16    Spells: 10/10 levels left

rFire    . . .     SeeInvis .   a - +0 long sword
rCold    + . .     Gourm    .   N - +4 chain mail of Tagim {Str+6}
rNeg     . . .     Faith    .   c - +0 shield
rPois    +         Spirit   +   (helmet restricted)
rElec    .         Reflect  .   X - scarf {rC+}
rCorr    .         Harm     .   z - +0 pair of gloves
MR       +....                  (no boots)
Stlth    ..........             o - amulet of magic regeneration
Regen    0.6/turn               h - +3 ring of intelligence
                                u - ring of poison resistance

@: heroism
A: antennae 1, fangs 3, talons 1, repulsion field 1, icy blue scales 1,
regeneration 1, magic shield, antimagic bite, no potion heal 3, rot immunity
a: Heroism, Renounce Religion


You were on level 11 of the Dungeon.
You worshipped Okawaru.
Okawaru was greatly pleased with you.
You were not hungry.

You visited 2 branches of the dungeon, and saw 12 of its levels.

You collected 635 gold pieces.

Inventory:

Hand Weapons
 a - a +0 long sword (weapon)
 g - a +2 arbalest of freezing
 I - a +0 shortbow of velocity
Missiles
 A - 44 bolts
 F - 159 arrows
 V - a javelin of penetration (quivered)
Armour
 c - a +0 shield (worn)
 z - a +0 pair of gloves (worn)
 N - the +4 chain mail of Tagim (worn) {Str+6}
   (You found it on level 7 of the Dungeon)

   It affects your strength (+6).
 X - a scarf of cold resistance (worn)
Magical Staves
 l - an uncursed staff of air
Jewellery
 h - a +3 ring of intelligence (right hand)
 o - an amulet of magic regeneration (around neck)
 u - a ring of poison resistance (left hand)
 x - an uncursed ring of ice
 Q - an uncursed ring of wizardry
Wands
 b - a wand of flame (26/48)
 n - a wand of paralysis (22/24)
 K - a wand of lightning (7/15)
 S - a wand of digging (6/24)
 U - a wand of flame (27/48)
Scrolls
 k - 4 scrolls of remove curse
 m - 4 scrolls of identify
 p - 2 scrolls of magic mapping {unknown}
 q - a scroll of teleportation {unknown}
 t - 2 scrolls of fear {unknown}
 w - 4 scrolls of blinking {unknown}
 y - 2 scrolls of noise {unknown}
 C - 2 scrolls of recharging {unknown}
 D - a scroll of enchant weapon {unknown}
 E - a scroll of random uselessness {unknown}
 J - a scroll of immolation {unknown}
 O - 2 scrolls of amnesia {unknown}
 Y - a scroll of brand weapon {unknown}
Potions
 d - 3 potions of might
 e - a potion of brilliance {unknown}
 j - 4 potions of mutation
 r - a potion of flight
 s - a potion of cancellation {unknown}
 B - 2 potions of curing
 H - 2 potions of agility
 L - a potion of lignification {unknown}
 M - a potion of resistance {unknown}
 P - 2 potions of haste
Miscellaneous
 W - a phantom mirror
Comestibles
 f - 7 bread rations
 i - 4 royal jellies
 v - 4 meat rations
 R - 23 fruits


   Skills:
 - Level 7.0(12.0) Fighting
 - Level 12.0(17.0) Long Blades
 + Level 6.8(11.8) Armour
 + Level 3.8(8.8) Dodging
 + Level 5.1(10.1) Shields


You had 10 spell levels left.
You didn't know any spells.

Dungeon Overview and Level Annotations

Branches:
Dungeon (11/15)            Temple (1/1) D:6            Lair (0/6) D:9
    Orc: D:9-12

Altars:
Ashenzari
Cheibriados
Dithmenos
Elyvilon
Fedhas
Gozag
Hepliaklqana
Kikubaaqudgha
Makhleb
Nemelex Xobeh
Okawaru
Qazlal
Ru
Sif Muna
Trog
Uskayaw
Vehumet
Xom
Yredelemnul
Zin
The Shining One

Shops:
D:7 (

Annotations:
D:11 Zorot's ghost, journeyman HOBe


Innate Abilities, Weirdness & Mutations

You have razor-sharp teeth.
Your natural rate of healing is unusually fast.
When hurt, damage is shared between your health and your magic reserves.
Your bite disrupts and absorbs the magic of your enemies.
Potions cannot restore your health.
You are immune to rotting.
You have a pair of small antennae on your head.
You have sharp toenails.
You are surrounded by a mild repulsion field. (EV +2)
You are partially covered in icy blue scales. (AC +2)


Message History

Zorot's ghost hits you!!
* * * LOW HITPOINT WARNING * * *
x2 You hit Zorot's ghost.
You bite Zorot's ghost. You drain its power.
You feel invigorated.
Zorot's ghost is severely damaged.
You block Zorot's ghost's attack.
You barely miss Zorot's ghost.
You claw Zorot's ghost, but do no damage.
Your bite misses Zorot's ghost.
Zorot's ghost is severely damaged.
Zorot's ghost closely misses you.
You hit Zorot's ghost but do no damage.
You claw Zorot's ghost, but do no damage.
Your bite misses Zorot's ghost.
Zorot's ghost is severely damaged.
You barely miss Zorot's ghost.
You bite Zorot's ghost, but do no damage.
Zorot's ghost is severely damaged.
Zorot's ghost hits you!
You die...

##############
#.....$.......
#.............
#.............
#.............
#......)......
#......)......
#.@).)........
#..W.)........
#.............
##############


You could see Zorot's ghost.

Vanquished Creatures
  2 two-headed ogres
  A hornet (D:10)
  2 hippogriffs
  Sigmund (D:3)
  A wyvern (D:9)
  12 yaks (D:9)
  6 humans (D:9)
  3 hungry ghosts
  Eustachio (D:6)
  Edmund (D:4)
  Duvessa (D:6)
  4 orc warriors
  An ice beast (D:8)
  4 ogres
  4 sky beasts
  6 phantoms
  7 centaurs
  A necrophage (D:8)
  3 big kobolds
  Dowan (D:6)
  4 scorpions
  A wyvern skeleton (D:6)
  6 killer bees (D:7)
  5 crimson imps
  A howler monkey (D:10)
  A bullfrog zombie (D:10)
  5 hounds
  3 centaur skeletons
  21 orc wizards
  7 orc priests
  A jelly (D:6)
  Crazy Yiuf (D:3)
  An iguana (D:7)
  9 worker ants
  A hound skeleton (D:4)
  16 adders
  10 gnolls
  3 shadow imps
  5 oozes
  An adder zombie (D:6)
  An adder skeleton (D:8)
  2 worms (D:2)
  4 dart slugs
  5 leopard geckos
  53 orcs
  2 ball pythons
  4 giant cockroaches
  13 goblins
  10 hobgoblins
  11 jackals
  A quokka (D:3)
  6 bats
  6 frilled lizards
  A jackal skeleton (D:5)
  12 kobolds
  2 leopard gecko skeletons
  A quokka skeleton (D:5)
  18 rats
316 creatures vanquished.

Notes
Turn   | Place    | Note
-------+----------+-------------------------------------------
     0 | D:1      | krabocopter the Vine Stalker Fighter began the quest for the Orb.
     0 | D:1      | Reached XP level 1. HP: 11/11 MP: 2/2
    72 | D:1      | Reached skill level 2 in Long Blades
   132 | D:1      | Reached XP level 2. HP: 13/16 MP: 1/3
   287 | D:1      | Reached XP level 3. HP: 15/20 MP: 2/4
   789 | D:2      | Gained mutation: Your natural rate of healing is unusually fast. [Vine Stalker growth]
   789 | D:2      | Reached XP level 4. HP: 23/24 MP: 5/5
   816 | D:2      | Reached skill level 3 in Long Blades
  1196 | D:2      | Reached XP level 5. HP: 29/29 MP: 6/6
  1381 | D:3      | Noticed Sigmund
  1391 | D:3      | Killed Sigmund
  1391 | D:3      | Reached skill level 4 in Long Blades
  1391 | D:3      | Reached XP level 6. HP: 27/34 MP: 7/7
  1529 | D:3      | Reached skill level 5 in Long Blades
  1762 | D:3      | Found a runed door.
  1766 | D:3      | Noticed Crazy Yiuf
  1775 | D:3      | Killed Crazy Yiuf
  2158 | D:4      | Noticed Edmund
  2217 | D:4      | Killed Edmund
  2217 | D:4      | Reached XP level 7. HP: 7/38 MP: 5/8
  2379 | D:4      | Reached skill level 5 in Fighting
  2379 | D:4      | Reached skill level 6 in Long Blades
  2926 | D:5      | Entered Level 5 of the Dungeon
  3026 | D:5      | Gained mutation: You have razor-sharp teeth. [Vine Stalker growth]
  3026 | D:5      | Reached XP level 8. HP: 34/43 MP: 9/9
  3243 | D:5      | Reached skill level 7 in Long Blades
  3831 | D:5      | Reached skill level 8 in Long Blades
  3964 | D:6      | Noticed Duvessa
  3969 | D:6      | Noticed Dowan
  3977 | D:6      | Killed Duvessa
  4087 | D:7      | Reached XP level 9. HP: 48/49 MP: 8/10
  4123 | D:7      | Found a hazy altar of Hepliaklqana.
  4170 | D:7      | Reached skill level 9 in Long Blades
  4228 | D:7      | Found Ytucicirch's Antique Weapon Emporium.
  4248 | D:7      | Found a shimmering altar of Xom.
  4248 | D:7      | Found a burning altar of Makhleb.
  4414 | D:7      | Got a translucent chain mail
  4425 | D:7      | Identified the +4 chain mail of Tagim {Str+6} (You found it on level 7 of the Dungeon)
  4829 | D:7      | Reached skill level 10 in Long Blades
  5125 | D:6      | Gained mutation: You are frail. (-10% HP) [mutagenic meat]
  5126 | D:6      | Gained mutation: You have a pair of small antennae on your head. [mutagenic meat]
  5247 | D:6      | Noticed Eustachio
  5263 | D:6      | Killed Eustachio
  5451 | D:6      | Reached XP level 10. HP: 39/49 MP: 9/11
  5735 | D:6      | Killed Dowan
  5820 | D:6      | Found a staircase to the Ecumenical Temple.
  5838 | Temple   | Entered the Ecumenical Temple
  5981 | Temple   | Became a worshipper of Warmaster Okawaru
  6040 | D:8      | Found a deep blue altar of Sif Muna.
  6062 | D:8      | Found a white marble altar of Elyvilon.
  6126 | D:8      | Reached skill level 11 in Long Blades
  6209 | D:8      | Gained mutation: You tend to lose your temper in combat. [mutagenic meat]
  6210 | D:8      | Gained mutation: Armour fits poorly on your strangely shaped body. [mutagenic meat]
  6211 | D:8      | Gained mutation: Your flesh is cold resistant. (rC+) [mutagenic meat]
  6212 | D:8      | Gained mutation: Your flesh is heat resistant. (rF+) [mutagenic meat]
  6392 | D:8      | Reached * piety under Okawaru
  6436 | D:8      | Lost mutation: You are frail. (-10% HP) [potion of mutation]
  6436 | D:8      | Lost mutation: Your flesh is heat resistant. (rF+) [potion of mutation]
  6436 | D:8      | Lost mutation: Your flesh is cold resistant. (rC+) [potion of mutation]
  6436 | D:8      | Lost mutation: Armour fits poorly on your strangely shaped body. [potion of mutation]
  6436 | D:8      | Gained mutation: You are partially covered in icy blue scales. (AC +2) [potion of mutation]
  6436 | D:8      | Gained mutation: You are surrounded by a mild repulsion field. (EV +2) [potion of mutation]
  6436 | D:8      | Lost mutation: You tend to lose your temper in combat. [potion of mutation]
  6436 | D:8      | Gained mutation: You have sharp toenails. [potion of mutation]
  7033 | D:9      | Found a staircase to the Lair.
  7115 | D:9      | Noticed a two-headed ogre
  7203 | D:9      | Killed a two-headed ogre
  7203 | D:9      | Reached ** piety under Okawaru
  7203 | D:9      | Reached skill level 5 in Armour
  7257 | D:9      | Found a runed door.
  7294 | D:9      | Found a runed door.
  7359 | D:9      | Reached skill level 12 in Long Blades
  7375 | D:9      | Reached skill level 1 in Dodging
  7383 | D:9      | Reached XP level 11. HP: 58/58 MP: 12/12
  7395 | D:9      | Reached *** piety under Okawaru
  7587 | D:9      | Found a runed door.
  7605 | D:9      | Found a runed door.
  7609 | D:9      | Found a runed door.
  7640 | D:9      | Received a gift from Okawaru
  7704 | D:9      | Reached **** piety under Okawaru
  7757 | D:9      | Found a runed door.
  8049 | D:10     | Entered Level 10 of the Dungeon
  8840 | D:11     | Noticed a two-headed ogre
  8851 | D:11     | Noticed Zorot's ghost (journeyman HOBe)
  8851 | D:11     | Killed a two-headed ogre
  8851 | D:11     | Reached skill level 5 in Shields
  8880 | D:11     | Mangled by Zorot's ghost

Vault maps used:
D:1:      sevenhm_arrival_forest_fort_small_6
D:2:      minmay_randomly_rotated_circles
D:3:      uniq_sigmund, uniq_crazy_yiuf_cottage
D:4:      sigmund_army, uniq_edmund
D:5:      first_bread
D:6:      minmay_temple_entry_enclosed_plants, st_stairs_10, uniq_duvessa,
          uniq_eustachio
D:7:      grunt_temple_overflow_champion_of_chaos, lemuel_crystal_altar,
          serial_shops, shop
D:8:      grunt_temple_overflow_open, blue_anna_alchemist
D:9:      erik_cavepeople, dpeg_oklobed_lair
D:11:     zombieorc2_lemuel
Temple:   nicolae_temple_elliptical

Skill      XL: |  1  2  3  4  5  6  7  8  9 10 11 |
---------------+----------------------------------+-----
Long Blades    | 2 3 4 5 6 8 10 12 | 12.0
Fighting       | 3 4 5 6 7 |  7.0
Armour         | 3 5 6 |  6.8
Dodging        | 1 3 |  3.8
Shields        | 3 5 |  5.1

Action                   |  1- 3 |  4- 6 |  7- 9 | 10-12 || total
-------------------------+-------+-------+-------+-------++-------
Melee: Long sword        |    91 |   188 |   282 |   430 ||   991
       Bite              |    21 |    60 |   126 |   200 ||   407
       Kick              |       |       |       |   154 ||   154
 Fire: Shortbow          |       |       |    24 |       ||    24
Throw: Javelin           |       |       |       |     1 ||     1
Invok: Heroism           |       |       |       |     3 ||     3
  Use: Potion            |       |       |     1 |     3 ||     4
       Scroll            |       |       |       |     4 ||     4
  Eat: Chunk             |       |     5 |    12 |    17 ||    34
       Fruit             |       |       |     1 |     1 ||     2
Armor: Scale mail        |    54 |    59 |    98 |       ||   211
       Chain mail        |       |       |    38 |   124 ||   162
       Troll leather arm |       |       |       |    12 ||    12
Dodge: Dodged            |    55 |    86 |   119 |   137 ||   397
Block: Shield            |       |       |       |    41 ||    41
       Rpst.: Long sword |    17 |    26 |    37 |    40 ||   120
